 Dungeon Crawl Stone Soup version 0.22-a0-456-g11ed031 (webtiles) character file.

14116 HammerPanzer the Bludgeoner (level 11, -22/117 HPs)
             Began as a Minotaur Berserker on June 7, 2018.
             Was a High Priest of Trog.
             Annihilated by a tentacled starspawn (27 damage)
             ... while paralysed by accursed screaming
             ... on level 3 of the Abyss.
             The game lasted 00:33:20 (14947 turns).

HammerPanzer the Bludgeoner (Minotaur Berserker)   Turns: 14947, Time: 00:33:20

Health: -22/117    AC:  5    Str: 23    XL:     11   Next: 84%
Magic:  10/10      EV:  2    Int:  5    God:    Trog [*****.]
Gold:   560        SH:  0    Dex:  7    Spells: 10/10 levels left

rFire    . . .     SeeInvis .   r - +1 dire flail (protect)
rCold    . . .     Gourm    .   (shield currently unavailable)
rNeg     . . .     Faith    .   g - +1 chain mail
rPois    .         Spirit   .   (helmet restricted)
rElec    .         Reflect  .   (no cloak)
rCorr    .         Harm     .   (no gloves)
MR       .....     Rnd*Rage +   (no boots)
Stlth    ..........             (no amulet)
HPRegen  0.29/turn              (no ring)
MPRegen  0.12/turn              (no ring)

@: paralysed, berserk cooldown, hasted and slowed
A: retaliatory headbutt, horns 2, [berserk 2], blink, [blurry vision 2], clumsy
1[+1], deformed body, robust 1, [no potion heal 2]
a: Blink, Berserk, Trog's Hand, Brothers in Arms, Renounce Religion


You were on level 3 of the Abyss.
You worshipped Trog.
Trog was extremely pleased with you.
You were very hungry.

You visited 1 branch of the dungeon, and saw 12 of its levels.
You visited the Abyss 1 time.

You collected 560 gold pieces.

Inventory:

Hand Weapons
 a - a +2 mace of holy wrath
 r - a +1 dire flail of protection (weapon)
Missiles
 q - 3 tomahawks (quivered)
Armour
 g - a +1 chain mail (worn)
Wands
 m - a wand of acid (15)
 u - a wand of digging (29)
 v - a wand of flame (41)
 x - a wand of paralysis (15)
Scrolls
 d - a scroll of enchant armour
 f - a scroll of fear
 h - 7 scrolls of remove curse
 i - a scroll of magic mapping
 j - 4 scrolls of fog
 k - 5 scrolls of identify
 p - 3 scrolls of enchant weapon
 s - 2 scrolls of teleportation
 w - a scroll of immolation
Potions
 b - a potion of curing
 e - a potion of lignification
 l - a potion of haste
 o - 2 potions of cancellation {unknown}
 z - a potion of flight {unknown}
Comestibles
 c - 15 rations


   Skills:
 + Level 13.3 Fighting
 * Level 17.7 Maces & Flails
 - Level 2.4 Armour
 - Level 2.1 Dodging


You had 10 spell levels left.
You didn't know any spells.
Your spell library was empty.

Dungeon Overview and Level Annotations

Branches:
Dungeon (12/15)            Temple (0/1) D:6            Lair (0/6) D:10
    Orc (0/2) D:9

Altars:
Ashenzari
Cheibriados
Fedhas
Hepliaklqana
Kikubaaqudgha
Makhleb
Nemelex Xobeh
Okawaru
Qazlal
Ru
Vehumet
Wu Jian
Zin
The Shining One

Shops:
D:5 *   D:11 :

Annotations:
Abyss:3 1 transporter


Innate Abilities, Weirdness & Mutations

You reflexively headbutt those who attack you in melee.
You have a pair of horns on your head.
You can translocate small distances at will.
Armour fits poorly on your strangely shaped body.
You are robust. (+10% HP)
[You often lose your temper in combat.]
[Scrolls take you longer to read.]
[You are very clumsy. (Dex -4)]
[Potions are poor at restoring your health.]


Message History

The starcursed mass engulfs you.
It was a potion of heal wounds.
Your system partially rejects the healing.
You feel much better.
A tentacle flies out from the starspawn's body!
The starcursed mass engulfs you!
The starcursed mass engulfs you but does no damage.
The tentacled starspawn bites you!!
* * * LOW HITPOINT WARNING * * *
The tentacled starspawn engulfs you.
* * * LOW HITPOINT WARNING * * *
The starcursed mass engulfs you but does no damage.
The starcursed mass barely misses you.
A starspawn tentacle comes into view.
Your system partially rejects the healing.
You feel much better.
A cacophony of accursed wailing tears at your sanity!
* * * LOW HITPOINT WARNING * * *
You suddenly lose the ability to move!
The tentacled starspawn bites you!!
You die... .## ### ##© #..#####..# #...###... #....... #.[[[.# #.*wwX# ##XXXXX## #.3X@X*x### #w.X###3X..## #wX

####3...#
..#
####..©.#
##
#.###..##
. .
##©######
.. .
##...#####
. #. #....
...# ..
#....(. .#
..


You could see 8 starcursed masses, 2 tentacled starspawn, a wretched star, a
large abomination, 3 smoke demons, a small abomination, 4 starspawn tentacles
and a lurking horror.

Vanquished Creatures
  The ghost of Nib the Fighter, a journeyman DrTm of Wu Jian (D:12)
  3 two-headed ogres
  The ghost of Soeti the Insei, a novice OpTm of Cheibriados (D:9)
  A wizard (D:12)
  A deep elf mage (D:8)
  2 cyclopes
  A troll (D:12)
  A hornet (D:11)
  A hippogriff (D:8)
  A spriggan (D:7)
  8 yaks
  A vampire (D:9)
  2 hungry ghosts
  Menkaure (D:6)
  A warg (D:10)
  A black bear (D:7)
  A necrophage (D:7)
  3 orc warriors
  4 ice beasts
  An eye of draining (D:10)
  2 sky beasts (D:5)
  A phantom (D:7)
  3 ogres
  6 centaurs
  A crocodile (D:9)
  3 big kobolds
  6 bullfrogs
  3 wyvern zombies
  4 scorpions
  7 killer bees
  A wight (D:11)
  4 howler monkeys
  3 electric eels
  2 centaur zombies
  6 crimson imps
  A bullfrog zombie (D:5)
  A quasit (D:9)
  3 hounds
  17 orc wizards
  7 orc priests
  4 centaur skeletons
  A jelly (D:11)
  A bullfrog skeleton (D:6)
  A gnoll shaman (D:4)
  3 iguanas
  11 worker ants
  A killer bee zombie (D:6)
  A howler monkey skeleton (D:4)
  4 worker ant zombies
  22 gnolls
  13 adders
  5 shadow imps
  An ooze (D:4)
  2 adder zombies
  3 adder skeletons
  4 worms
  A dart slug (D:1)
  4 leopard geckos
  51 orcs
  9 bats
  7 giant cockroaches
  8 goblins
  8 hobgoblins
  3 jackals (D:3)
  5 quokkas
  6 frilled lizards
  A jackal skeleton (D:5)
  12 kobolds
  A quokka skeleton (D:6)
  8 rats
318 creatures vanquished.

Vanquished Creatures (collateral kills)
  A two-headed ogre (D:11)
  A shadow (D:11)
  An orc wizard (D:11)
  An orc (D:11)
4 creatures vanquished.

Vanquished Creatures (others)
  3 starspawn tentacles (Abyss:3)
3 creatures vanquished.

Grand Total: 325 creatures vanquished

Notes
Turn   | Place    | Note
-------+----------+-------------------------------------------
     0 | D:1      | HammerPanzer the Minotaur Berserker began the quest for the Orb.
     0 | D:1      | Reached XP level 1. HP: 19/19 MP: 0/0
   198 | D:1      | Reached skill level 4 in Maces & Flails
   234 | D:1      | Reached XP level 2. HP: 26/27 MP: 1/1
   817 | D:2      | Reached XP level 3. HP: 25/33 MP: 2/2
  1167 | D:2      | Found an ancient bone altar of Kikubaaqudgha.
  1177 | D:2      | Reached skill level 5 in Maces & Flails
  1214 | D:2      | Reached ** piety under Trog
  1301 | D:2      | Found a faded altar of an unknown god.
  1648 | D:3      | Reached XP level 4. HP: 32/41 MP: 3/3
  1804 | D:3      | Reached skill level 6 in Maces & Flails
  1846 | D:3      | Reached XP level 5. HP: 45/47 MP: 4/4
  1881 | D:3      | Reached skill level 5 in Fighting
  2366 | D:3      | Reached *** piety under Trog
  2610 | D:3      | Found an ornate altar of the Wu Jian Council.
  2856 | D:4      | Reached skill level 7 in Maces & Flails
  2890 | D:4      | Reached XP level 6. HP: 50/56 MP: 5/5
  2891 | D:4      | Found an iron altar of Okawaru.
  3221 | D:4      | Reached skill level 8 in Maces & Flails
  3395 | D:4      | Found the cursed +13 scythe of Curses {drain, *Curse}
  3570 | D:4      | Reached XP level 7. HP: 61/63 MP: 6/6
  4116 | D:5      | Entered Level 5 of the Dungeon
  4395 | D:5      | Reached skill level 9 in Maces & Flails
  4403 | D:5      | Found a sacrificial altar of Ru.
  4533 | D:5      | Found a glowing silver altar of Zin.
  5020 | D:5      | Found Nyjaff's Elemental Accessories.
  5182 | D:5      | Reached XP level 8. HP: 66/73 MP: 7/7
  5398 | D:6      | Reached skill level 10 in Maces & Flails
  5427 | D:6      | Found a staircase to the Ecumenical Temple.
  5538 | D:6      | Noticed Menkaure
  5547 | D:6      | Killed Menkaure
  5849 | D:6      | Found a hazy altar of Hepliaklqana.
  5942 | D:7      | Reached **** piety under Trog
  5951 | D:7      | Reached skill level 11 in Maces & Flails
  5988 | D:7      | Found a glowing golden altar of the Shining One.
  6391 | D:7      | Noticed a cyclops
  6408 | D:7      | Killed a cyclops
  6408 | D:7      | Reached skill level 12 in Maces & Flails
  6408 | D:7      | Reached XP level 9. HP: 47/83 MP: 8/8
  6417 | D:7      | Gained mutation: [You are clumsy. (Dex -2)] [potion of mutation]
  6417 | D:7      | Gained mutation: You can translocate small distances at will. [potion of mutation]
  6417 | D:7      | Gained mutation: Armour fits poorly on your strangely shaped body. [potion of mutation]
  6417 | D:7      | Gained mutation: You are robust. (+10% HP) [potion of mutation]
  7272 | D:7      | Found a snail-covered altar of Cheibriados.
  7304 | D:7      | Reached skill level 13 in Maces & Flails
  7913 | D:8      | Found a blossoming altar of Fedhas.
  7937 | D:8      | Reached skill level 10 in Fighting
  8150 | D:8      | Noticed a deep elf mage
  8159 | D:8      | Killed a deep elf mage
  8323 | D:8      | Reached XP level 10. HP: 80/103 MP: 9/9
  8329 | D:8      | Reached ***** piety under Trog
  8767 | D:8      | Noticed a two-headed ogre
  8774 | D:8      | Killed a two-headed ogre
  8774 | D:8      | Reached skill level 14 in Maces & Flails
  8979 | D:8      | Found a stormy altar of Qazlal.
  8982 | D:8      | Found a burning altar of Makhleb.
  9981 | D:9      | Found a radiant altar of Vehumet.
 10094 | D:9      | Found a staircase to the Orcish Mines.
 10193 | D:9      | Reached skill level 15 in Maces & Flails
 10325 | D:9      | Noticed Soeti's ghost (novice OpTm)
 10464 | D:9      | Killed Soeti's ghost
 10522 | D:9      | Found a shattered altar of Ashenzari.
 10991 | D:10     | Entered Level 10 of the Dungeon
 10994 | D:10     | Noticed a two-headed ogre
 11362 | D:10     | Received a gift from Trog
 11591 | D:10     | Found a sparkling altar of Nemelex Xobeh.
 11633 | D:10     | Found a staircase to the Lair.
 11647 | D:10     | Killed a two-headed ogre
 11647 | D:10     | Reached XP level 11. HP: 114/114 MP: 10/10
 11668 | D:10     | Reached skill level 16 in Maces & Flails
 12711 | D:11     | Found Punappih's Book Boutique.
 12796 | D:11     | Noticed a two-headed ogre
 12807 | D:11     | Killed a two-headed ogre
 13872 | D:12     | Reached skill level 17 in Maces & Flails
 13911 | D:12     | Noticed Nib's ghost (journeyman DrTm)
 13928 | D:12     | Killed Nib's ghost
 14443 | D:12     | Noticed a two-headed ogre
 14451 | D:12     | Killed a two-headed ogre
 14541 | D:12     | Noticed a wizard
 14557 | D:12     | Killed a wizard
 14920 | D:12     | Noticed a wizard
 14920 | D:12     | Noticed a wizard
 14920 | D:12     | Noticed a wizard
 14926 | D:12     | Cast into level 3 of the Abyss (a wizard)
 14930 | Abyss:3  | Found a transporter.
 14933 | Abyss:3  | Found a corrupted altar of Lugonu.
 14936 | Abyss:3  | Noticed a tentacled starspawn
 14936 | Abyss:3  | Noticed a wretched star
 14937 | Abyss:3  | Noticed a starcursed mass
 14943 | Abyss:3  | Found a transporter.
 14943 | Abyss:3  | Noticed a tentacled starspawn
 14947 | Abyss:3  | HP: 5/117 [starcursed mass/accursed screaming (17)]
 14947 | Abyss:3  | Paralysed by accursed screaming for 2 turns
 14947 | Abyss:3  | Annihilated by a tentacled starspawn

Vault maps used:
D:1:      lemuel_arrival_rhombus, minmay_misc_feat_tower
D:2:      old_standard_altar, first_ration, chequers_ecumenical_altar_simple
D:3:      marbit_many_paths, minmay_strange_pillars
D:4:      okawaru_ov_weapons_minmay, minmay_splitting_lines, grunt_tough_drop
D:5:      nicolae_ru_awakened_eye, zin_treasury, nicolae_elemental_shop
D:6:      nicolae_overflow_hidden_temple, kennysheep_mini,
          minmay_temple_entry_junction_2, uniq_menkaure
D:7:      tso_metal_star, basic_altar, the_bakery, minmay_misc_feat_diagonals,
          nrook_loot_triangle
D:8:      overflow_temple_1_default, gammafunk_temple_overflow_pools,
          hangedman_decor_growths
D:9:      kennysheep_little_box, kennysheep_mini_moat, orc_0_dummy,
          minmay_crystal_water, minmay_fountain_box
D:10:     erik_lair_orcish_takeover, kennysheep_cross_room,
          nemelex_diamond_rough_becter
D:11:     serial_shops, nicolae_shop_waterfront, minmay_joined_circles
D:12:     minmay_wizard_corner, serial_park_tiny_pond, roderic_batcave
Abyss:3:  gammafunk_corrupted_shrine, onia_ninara_dug_in_and_dangerous

Skill      XL: |  1  2  3  4  5  6  7  8  9 10 11 |
---------------+----------------------------------+-----
Maces & Flails | 4 5 6 7 8 9 12 13 15 17 | 17.7
Fighting       | 4 5 6 7 9 10 12 13 | 13.3
Armour         | |  2.4
Dodging        | |  2.1

Action                   |  1- 3 |  4- 6 |  7- 9 | 10-12 || total
-------------------------+-------+-------+-------+-------++-------
Melee: Mace              |    85 |   103 |   310 |   149 ||   647
       Headbutt          |    14 |    15 |    61 |    84 ||   174
       Dire flail        |       |       |       |   291 ||   291
Throw: Tomahawk          |       |       |       |     7 ||     7
Invok: Berserk           |     1 |     3 |     6 |    12 ||    22
       Brothers in Arms  |       |       |       |     1 ||     1
 Abil: Blink             |       |       |       |     1 ||     1
  Use: Scroll            |     8 |     1 |     7 |     2 ||    18
       Potion            |       |       |     4 |     3 ||     7
  Eat: Chunk             |     2 |    10 |    14 |    25 ||    51
       Ration            |       |       |     2 |     3 ||     5
Armor: Animal skin       |    19 |     6 |       |       ||    25
       Chain mail        |       |    14 |    91 |    96 ||   201
       Skin              |       |       |    10 |       ||    10
Dodge: Dodged            |    54 |    65 |    91 |    97 ||   307

Table legend:
 A = Spawn XP
 B = Non-spawn XP
 C = Spawn XP percentage of total XP
 D = Spawn monster count
 E = Non-spawn monster count
 F = Spawn count percentage of total count
 G = Total turns spent on level
                    A         B        C        D         E        F      G
               +---------+---------+-------+---------+---------+-------+---------
         Total |       0 |   20166 |   0.0 |       0 |     322 |   0.0 | 14947
               +---------+---------+-------+---------+---------+-------+---------
           D:1 |       0 |      32 |   0.0 |       0 |      19 |   0.0 |   781
           D:2 |       0 |      55 |   0.0 |       0 |      22 |   0.0 |   839
           D:3 |       0 |     237 |   0.0 |       0 |      34 |   0.0 |  1227
           D:4 |       0 |     492 |   0.0 |       0 |      15 |   0.0 |  1269
           D:5 |       0 |     657 |   0.0 |       0 |      21 |   0.0 |  1221
           D:6 |       0 |     510 |   0.0 |       0 |      16 |   0.0 |   594
           D:7 |       0 |    2390 |   0.0 |       0 |      31 |   0.0 |  1935
           D:8 |       0 |    2275 |   0.0 |       0 |      29 |   0.0 |  1691
           D:9 |       0 |    2848 |   0.0 |       0 |      30 |   0.0 |  1735
          D:10 |       0 |    3246 |   0.0 |       0 |      48 |   0.0 |  1412
          D:11 |       0 |    3369 |   0.0 |       0 |      37 |   0.0 |   985
          D:12 |       0 |    4055 |   0.0 |       0 |      20 |   0.0 |  1237
               +---------+---------+-------+---------+---------+-------+---------
